 Dungeon Crawl Stone Soup version 0.14-a0-586-g2535b90 (webtiles) character file.

247 Malachi the Firebug (level 3, -1/26 HPs)
             Began as a Lava Orc Fire Elementalist on Nov 4, 2013.
             Slain by a centaur (4 damage)
             ... on Level 3 of the Dungeon.
             The game lasted 00:05:14 (2791 turns).

Malachi the Firebug (Lava Orc Fire Elementalist)    Turns: 2791, Time: 00:05:14

HP  -1/26        AC  4     Str 10      XL: 3   Next: 75%
MP   4/5         EV 10     Int 16      God:
Gold 189         SH  0     Dex 11      Spells:  1 memorised,  3 levels left

Res.Fire  : + + .   See Invis. : .   g - +2,+0 hand axe (flame)
Res.Cold  : + . .   Warding    : .   s - +0 leather armour {rC+}
Life Prot.: . . .   Conserve   : .   (no shield)
Res.Poison: .       Res.Corr.  : .   (no helmet)
Res.Elec. : .       Clarity    : .   (no cloak)
Sust.Abil.: . .     Spirit.Shd : .   v - +0 pair of elf gloves
Res.Mut.  : .       Stasis     : .   (no boots)
Res.Rott. : .       Flight     : .   (no amulet)
Saprovore : + . .                    (no ring)
                                     (no ring)

@: not resistant to hostile enchantments, unstealthy
A: conserve scrolls, saprovore 1
a: no special abilities


You were on level 3 of the Dungeon.
You were hungry.

You visited 1 branch of the dungeon, and saw 3 of its levels.

You collected 189 gold pieces.

Inventory:

Hand weapons
 g - a +2,+0 hand axe of flaming (weapon)
Missiles
 e - 3 tomahawks of returning (quivered)
 p - 7 poisoned darts
 r - 5 javelins
Armour
 a - a +0 orcish robe
 s - a +0 leather armour of cold resistance (worn)
 v - a +0 pair of elven gloves (worn)
Comestibles
 c - 3 meat rations
 f - 5 bread rations
 l - 2 chokos
 n - 15 sultanas
 w - a rotting chunk of adder flesh
 x - a rotting chunk of giant gecko flesh
Scrolls
 d - 3 scrolls of teleportation {unknown}
 h - a scroll of remove curse {unknown}
 i - a scroll of enchant weapon I {unknown}
 j - a scroll of noise {unknown}
 k - a scroll of fear {unknown}
 m - 3 scrolls of identify {unknown}
 t - a scroll of random uselessness {unknown}
 u - a scroll of curse weapon {unknown}
Jewellery
 y - a +3 ring of strength {unknown}
Potions
 o - a potion of heal wounds {unknown}
 q - 2 potions of curing {unknown}
Books
 b - a book of Flames

   Spells                             Type                      Level
   *Flame Tongue                      Conjuration/Fire             1
   Throw Flame                        Conjuration/Fire             2
   Conjure Flame                      Conjuration/Fire             3
   Inner Flame                        Hexes/Fire                   3
   Sticky Flame                       Conjuration/Fire             4
   Fireball                           Conjuration/Fire             5
Rods
 z - a +0 rod of striking (6/6)
   (You found it on level 3 of the Dungeon)


   Skills:
 + Level 0.2 Fighting
 + Level 0.4 Armour
 - Level 1.5 Dodging
 - Level 1.5 Stealth
 + Level 1.1 Spellcasting
 - Level 1.0 Conjurations
 * Level 5.5 Fire Magic


You had 3 spell levels left.
You knew the following spells:

 Your Spells              Type           Power        Failure   Level  Hunger
a - Flame Tongue          Conj/Fire      ###..        8%          1    ##.....


Dungeon Overview and Level Annotations

Branches:
Dungeon (3/27)

Altars:
Fedhas
Kikubaaqudgha
Makhleb
Sif Muna
Yredelemnul
the Shining One


Innate Abilities, Weirdness & Mutations

You have stony skin.
Your flesh is very heat resistant.
Your lava-based spells are more powerful.
Your flesh is vulnerable to cold.
Your heat harms attackers.
You bathe your surroundings in blazing heat.
You are too hot to use scrolls.
You are very good at protecting items from fire.
You can tolerate rotten meat.


Message History

You barely miss the centaur. The centaur hits you. The centaur hits you.
You hit the centaur but do no damage. The centaur completely misses you.
The centaur hits you.
You hit the centaur. You burn the centaur.
The centaur is lightly wounded.
The centaur hits you!
* * * LOW HITPOINT WARNING * * *
The centaur hits you.
* * * LOW HITPOINT WARNING * * *
You smell something rotten. (slot x)
Casting: Flame Tongue
Confirm with . or Enter, or press ? or * to list all spells.
Aiming: Flame Tongue
Press: ? - help, Shift-Dir - straight line, f - centaur
Aim: a centaur (lightly wounded)
The flame hits the centaur.
The centaur is lightly wounded.
You are feeling hungry.
The centaur hits you.
You die...

#.# #.....
#######'########### #.####
#........##.......# #.#
#........##.......####.####
#.................+........
#..............PPP.###)####
#..............P...# #.#.#.
#####.......).c..PP_PP.#
#.....
..>............@..PPP.P.#
#.#.#.
..........###.....PPPP.#
#.....
.................#......#
#.#.#.
...............[########
#.>... ..........(..###
#.#.#. ####........# ##....
#........# ##.#. ##########
#.... ##.#.


You could see a centaur.

Vanquished Creatures
  3 adders
  2 giant geckos
  An orc (D:3)
  4 giant cockroaches
  2 goblins
  A hobgoblin (D:1)
  3 kobolds
  5 bats
  2 giant newts
  6 rats
29 creatures vanquished.

Vanquished Creatures (others)
  A bush (D:3)
1 creature vanquished.

Grand Total: 30 creatures vanquished

Notes
Turn   | Place    | Note
--------------------------------------------------------------
     0 | D:1      | Malachi, the Lava Orc Fire Elementalist, began the quest for the Orb.
     0 | D:1      | Reached XP level 1. HP: 14/14 MP: 3/3
   620 | D:1      | Reached skill level 4 in Fire Magic
   845 | D:1      | Reached XP level 2. HP: 20/20 MP: 1/4
  1164 | D:2      | Found a deep blue altar of Sif Muna.
  1164 | D:2      | Found a glowing golden altar of the Shining One.
  1164 | D:2      | Found a burning altar of Makhleb.
  1318 | D:2      | Found a basalt altar of Yredelemnul.
  1363 | D:2      | Reached skill level 5 in Fire Magic
  1363 | D:2      | Reached XP level 3. HP: 19/26 MP: 0/5
  2015 | D:3      | Found an ancient bone altar of Kikubaaqudgha.
  2535 | D:3      | Identified a +0 rod of striking (6/6) (You found it on level 3 of the Dungeon)
  2588 | D:3      | Found a blossoming altar of Fedhas.
  2665 | D:3      | Noticed a centaur
  2791 | D:3      | Slain by a centaur

Action                   || total
-------------------------++-------
Melee: Hand axe          ||    25
       Rod               ||    15
 Cast: Flame Tongue      ||    36
